 Dungeon Crawl Stone Soup version 0.21.1-1-g345015f (webtiles) character file.

529009 shitimlost the Slayer (level 25, -4/175 HPs)
             Began as a Gargoyle Fighter on Mar 10, 2018.
             Was a High Priest of Uskayaw.
             Killed from afar by a frost giant (60 damage)
             ... with a bolt of cold
             ... on level 3 of the Depths.
             The game lasted 06:04:11 (91758 turns).

shitimlost the Slayer (Gargoyle Fighter)           Turns: 91758, Time: 06:04:11

Health: -4/175     AC: 40    Str: 29    XL:     25   Next: 56%
Magic:  16/42      EV: 17    Int: 12    God:    Uskayaw [*****.]
Gold:   2134       SH: 17    Dex: 16    Spells: 18/29 levels left

rFire    + + .     SeeInvis .   I - +8 mithril axe "Arga" {speed, MR+}
rCold    . . .     Gourm    .   c - +2 shield
rNeg     + . .     Faith    +   k - +3 salamander hide armour {+Rage rF++}
rPois    ∞         Spirit   .   n - +2 hat {MR+}
rElec    +         Reflect  .   y - +2 cloak {+Inv}
rCorr    .         Harm     .   K - +2 pair of gloves {Dex+3}
MR       +++..                  s - +2 pair of boots
Stlth    ..........             M - amulet of faith
HPRegen  0.39/turn              a - ring "Gaytsugu" {MP+9 Str+4 Stlth-}
MPRegen  0.28/turn              N - +4 ring of slaying

@: flying, studying Maces & Flails
A: antennae 1, big wings, talons 1, negative energy resistance 1, electricity
resistance, unbreathing, petrification resistance, rot immunity, AC +19
}: 3/15 runes: serpentine, barnacled, silver
a: Stop Flying, Stomp, Line Pass, Grand Finale, Renounce Religion, Evoke Berserk
Rage, Evoke Invisibility


You were on level 3 of the Depths.
You worshipped Uskayaw.
Uskayaw was pleased with you.
You were not hungry.

You visited 9 branches of the dungeon, and saw 43 of its levels.
You visited the Abyss 1 time.
You also visited: Wizlab.

You collected 5197 gold pieces.
You spent 3063 gold pieces at shops.

Inventory:

Hand Weapons
 x - the +8 flail of Uruj {crush, Int+2}
   (You took it off a deep elf sorcerer on level 3 of the Elven Halls)

   It inflicts extra damage upon your enemies.
   It affects your intelligence (+2).
 B - a +3 demon whip of freezing
 D - the +5 demon whip "Spellbinder" {antimagic, MR+}
   (You found it on level 3 of the Elven Halls)

   It reduces the magical energy of the wielder, and disrupts the spells and
   magical abilities of those hit.
   Natural abilities and divine invocations are not affected.
   It affects your resistance to hostile enchantments.
 H - a +5 hand crossbow of chaos
 I - the +8 mithril axe "Arga" (weapon) {speed, MR+}
   (You found it on level 2 of the Depths)

   Attacks with this weapon are significantly faster.
   It affects your resistance to hostile enchantments.
Missiles
 G - 1720 bolts
 P - 2 throwing nets (quivered)
Armour
 c - a +2 shield (worn)
 k - the +3 salamander hide armour (worn) {+Rage rF++}
   (You found it on level 5 of the Vaults)

   It greatly protects you from fire.
   It lets you go berserk.
 n - a +2 hat of magic resistance (worn)
 s - a +2 pair of boots (worn)
 y - a +2 cloak of invisibility (worn)
 K - a +2 pair of gloves of dexterity (worn)
Jewellery
 a - the ring "Gaytsugu" (left hand) {MP+9 Str+4 Stlth-}
   (You bought it in a shop on level 1 of the Snake Pit)

   [ring of magical power]

   It affects your strength (+4).
   It affects your magic capacity (+9).
   It makes you less stealthy.
 t - an uncursed ring of see invisible
 C - a +4 ring of strength
 M - an amulet of faith (around neck)
 N - a +4 ring of slaying (right hand)
 Q - the ring of Departure {+Fly rF+ rC+ MR+ Stlth+}
   (You found it on level 7 of the Dungeon)

   [ring of stealth]

   It protects you from fire.
   It protects you from cold.
   It affects your resistance to hostile enchantments.
   It lets you fly.
   It makes you more stealthy.
 U - the ring of Phasing {EV+8}
   (You found it on level 2 of the Elven Halls)

   [ring of evasion]

   It affects your evasion (+8).
Wands
 q - a wand of acid (22)
 w - a wand of digging (40)
 S - a wand of scattershot (7)
 T - a wand of disintegration (67)
 Z - a wand of iceblast (12)
Scrolls
 b - 3 scrolls of blinking
 e - 2 scrolls of enchant armour
 h - 10 scrolls of magic mapping
 p - a scroll of silence
 E - 2 scrolls of fear
 J - 17 scrolls of identify
 O - 11 scrolls of remove curse
 R - a scroll of fog
 W - 9 scrolls of teleportation
Potions
 g - 4 potions of ambrosia
 l - 10 potions of curing
 m - 6 potions of cancellation
 o - a potion of agility
 r - 3 potions of might
 u - 3 potions of berserk rage
 v - 3 potions of heal wounds
 L - a potion of magic
 V - 3 potions of resistance
Books
 i - a book of the Dragon

   Spells                             Type                      Level
   a - Flame Tongue                   Conjuration/Fire             1
   b - Cause Fear                     Hexes                        4
   c - Bolt of Fire                   Conjuration/Fire             6
   d - Dragon Form                    Transmutation                7
   e - Dragon's Call                  Summoning                    9
 j - a manual of Maces & Flails
Miscellaneous
 z - 4 phantom mirrors
 A - a lightning rod (4/4)
 F - a fan of gales
 X - a lamp of fire
 Y - 4 boxes of beasts
Comestibles
 d - 22 chunks of flesh
 f - 22 rations


   Skills:
 + Level 22.9 Fighting
 + Level 11.4(14.8) Axes
 + Level 16.8(18.1) Maces & Flails
 - Level 10.0 Crossbows
 - Level 15.0 Armour
 - Level 7.0 Dodging
 - Level 15.0 Shields
 + Level 2.9 Spellcasting
 + Level 7.2 Conjurations
 - Level 10.3 Translocations
 + Level 11.4 Earth Magic
 - Level 14.5 Invocations
 - Level 13.7 Evocations


You had 18 spell levels left.
You knew the following spells:

 Your Spells              Type           Power        Failure   Level  Hunger
a - Blink                 Tloc           N/A          1%          2    ###....
b - Lesser Beckoning      Tloc           ####......   1%          3    ###....
c - Iron Shot             Conj/Erth      ###.......   65%         6    #######


Dungeon Overview and Level Annotations

Branches:
Dungeon (15/15)            Temple (1/1) D:4            Lair (6/6) D:11
 Shoals (4/4) Lair:3        Snake (4/4) Lair:2        Slime (0/5) Lair:6
    Orc (2/2) D:9             Elf (3/3) Orc:2        Vaults (5/5) D:13
  Crypt (0/3) Vaults:3     Depths (3/5) D:15

Altars:
Ashenzari
Cheibriados
Dithmenos
Elyvilon
Fedhas
Gozag
Kikubaaqudgha
Makhleb
Nemelex Xobeh
Okawaru
Qazlal
Ru
Sif Muna
Trog
Uskayaw
Vehumet
Wu Jian
Xom
Yredelemnul
Zin
The Shining One
Jiyva

Shops:
D:14 *(   Orc:2 *%(*   Snake:1 =   Snake:4 !   Vaults:2 *   Vaults:3 }

Portals:
Hell: Depths:1 Depths:2
Pandemonium: Depths:1 Depths:2
Ziggurat: Depths:1
Trove: Depths:2 (give +2 gold dragon scales)

Annotations:
D:3 cheese's ghost, amateur HuFi
D:5 cheese's ghost, novice HuFi
D:7 richr's ghost, novice TrHu
D:8 richr's ghost, novice MfGl
Lair:3 exclusion: 3 oklob plants
Shoals:3 1 runed door


Innate Abilities, Weirdness & Mutations

You are resistant to torment.
Your stone body is resilient. (AC +19)
You are immune to poison.
Your large and strong wings let you fly indefinitely.
You resist negative energy. (rN+)
You are resistant to electric shocks. (rElec)
You can survive without breathing.
You are immune to petrification.
You are immune to rotting.
You have a pair of small antennae on your head.
You have sharp toenails.


Message History

Things that are here:
an iron troll corpse; a deep troll corpse You slash the iron troll!
The iron troll is lightly wounded.
You slice the frost giant!! You hit the iron troll.
The frost giant points at you and mumbles some strange words.
The bolt of cold hits you! The iron troll bites you!
You block the iron troll's attack. The iron troll completely misses you.
You hit the iron troll.
The iron troll is moderately wounded.
You completely miss the iron troll. You barely miss the frost giant.
The iron troll bites you.
The iron troll claws you but does no damage. x2
You hit the iron troll but do no damage.
The iron troll is moderately wounded.
You slash the frost giant! You slash the iron troll!
You block the frost giant's attack. The frost giant casts a spell at you.
The bolt of cold hits you!
You die...

#.........((.........
#..........#####.....
#........(.# #.....
#........(.# #.....
#..........### #.....
#######....................
##...........)..............
# ##...........(........
...##
##{##...........@#T.......
(###...........##.C(......
.(#)..).......####T.(%....
)((()))......... ....(....
.()...................(...
.......#####..#######.....
.......# #.. #(... .......#
.... .......# ..


You could see a frost giant and an iron troll.

Vanquished Creatures
  Saint Roka (Elf:3)
  The ghost of Maimakterion the Hoplite, a veteran MiFi of Cheibriados (Vaults:5)
  the Enchantress (Depths:2)
  3 golden dragons (Vaults:5)
  4 liches
  Jorgrun (Depths:1)
  Rupert (D:12)
  2 tentacled monstrosities (Vaults:5)
  3 deep elf blademasters
  4 deep elf master archers (Elf:3)
  A quicksilver dragon (Vaults:4)
  A tentacled starspawn (Abyss:2)
  3 titans
  A kraken (Shoals:2)
  Frances (Elf:1)
  Agnes (Elf:2)
  6 sphinxes
  7 nagarajas (Snake:4)
  3 storm dragons
  Donald (Shoals:2)
  6 tengu reavers
  Ilsuiw (Shoals:4)
  7 deep elf sorcerers
  3 shadow dragons
  5 fire giants
  Roxanne (Elf:3)
  2 iron dragons
  14 vault wardens
  Louise (Elf:1)
  8 frost giants
  6 deep elf elementalists
  The ghost of
  12572944 the Fighter, a journeyman MiBe of Trog (Shoals:1)
  A balrug (Depths:1)
  Aizul (Vaults:4)
  23 stone giants
  4 spriggan defenders (Depths:2)
  A war gargoyle (Vaults:4)
  20 ironheart preservers
  18 very ugly things
  6 entropy weavers
  Nessos (Lair:4)
  6 deep elf demonologists
  7 deep elf annihilators
  The ghost of richr the Thrower, a journeyman TrHu of Nemelex Xobeh (Lair:3)
  12 purple draconians (WizLab)
  6 ettins
  8 statues (WizLab)
  5 merfolk javelineers
  7 deep elf death magi
  A blizzard demon (Abyss:2)
  Snorg (D:12)
  5 merfolk impalers (Shoals:4)
  3 jiangshi (Depths:3)
  13 yaktaur captains
  5 great orbs of eyes
  8 fire dragons
  6 ice dragons
  Josephine (Orc:1)
  8 hydras
  Fannar (D:12)
  Harold (D:10)
  9 naga warriors
  41 vault guards
  8 rakshasas
  3 deep elf high priests
  3 spriggan air magi (Depths:2)
  An alligator snapping turtle (Shoals:4)
  3 merfolk avatars
  4 merfolk aquamancers
  A death knight (Vaults:1)
  8 deep troll shamans
  13 centaur warriors
  6 anacondas
  6 death yaks (Lair:6)
  4 catoblepae
  19 dancing weapons
  3 tengu warriors
  10 ogre magi
  3 satyrs
  A queen ant (D:9)
  33 two-headed ogres
  Urug (Orc:1)
  21 naga sharpshooters
  3 spriggan berserkers
  A thrashing horror (Abyss:2)
  5 deep troll earth magi
  A vampire mage (Depths:3)
  2 shock serpents (Snake:3)
  An orc high priest (Orc:2)
  2 shock serpents (shapeshifter) (Vaults:5)
  8 large abominations
  Nergalle (Lair:1)
  Sonja (D:12)
  19 deep elf knights
  2 shadow wraiths
  3 sun demons
  A sixfirhy (Depths:2)
  4 iron trolls
  8 sea snakes
  3 wretched stars (Abyss:2)
  A hell knight (Depths:2)
  A death drake (Abyss:2)
  5 skeletal warriors (D:15)
  A gelid demonspawn (Depths:2)
  An unseen horror (Vaults:1)
  A death drake (shapeshifter) (Vaults:5)
  An unseen horror (shapeshifter) (Vaults:1)
  5 naga ritualists
  3 wizards
  15 deep trolls
  4 flayed ghosts
  A swamp dragon (Depths:3)
  6 glowing orange brains
  7 phantasmal warriors
  A lindwurm (Lair:3)
  13 orc knights
  A harpy (shapeshifter) (D:15)
  9 deep elf archers
  8 harpies
  12 ironbrand convokers
  A tengu skeleton (Vaults:2)
  3 necromancers
  4 mana vipers
  81 deep elf magi
  13 ugly things
  A manticore (shapeshifter) (Vaults:5)
  2 wolf spiders
  2 human zombies
  11 fauns
  A fire giant zombie (Vaults:2)
  8 orc sorcerers
  13 manticores
  9 cyclopes
  15 merfolk sirens
  7 salamanders
  17 elephants
  27 naga magi
  An eye of devastation (shapeshifter) (Vaults:3)
  A guardian serpent (Snake:3)
  Maurice (Orc:1)
  32 black mambas
  3 centaur zombies
  A rust devil (Depths:2)
  13 vault sentinels
  Joseph (Lair:1)
  An eye of devastation (Abyss:2)
  An apocalypse crab (Abyss:2)
  2 stone giant skeletons
  8 water nymphs
  2 black mambas (shapeshifter) (Depths:2)
  3 gargoyles
  A frost giant skeleton (Vaults:5)
  2 centaur skeletons
  An orange demon (Depths:2)
  9 spiny frogs
  5 freezing wraiths
  4 rime drakes
  62 yaktaurs
  An efreet (D:14)
  A kobold demonologist (D:10)
  2 tormentors
  An ancient zyme (Abyss:2)
  7 trolls
  13 komodo dragons
  2 tengu conjurers (D:14)
  5 hornets
  A jumping spider (Vaults:3)
  23 merfolk
  2 wind drakes
  3 meliai
  2 polar bears
  12 hippogriffs
  5 raiju (Abyss:2)
  15 slime creatures
  21 blink frogs
  A fire giant simulacrum (Vaults:1)
  3 dream sheep (shapeshifter)
  5 snapping turtles
  3 centaur simulacra (D:15)
  15 water elementals
  3 spriggans (Depths:2)
  6 air elementals
  2 tarantellas
  2 wyverns
  4 wraiths
  6 redbacks
  61 yaks
  A yak (shapeshifter) (D:15)
  4 fire elementals
  3 vampire mosquitoes (D:11)
  6 hungry ghosts
  2 chaos spawn (Abyss:2)
  Menkaure (D:6)
  8 wargs
  A soldier ant (shapeshifter) (Vaults:4)
  41 nagas
  22 soldier ants
  Duvessa (D:7)
  4 acid dragons
  14 water moccasins
  A floating eye (shapeshifter) (Vaults:5)
  4 ice beasts
  8 porcupines
  2 eyes of draining
  31 orc warriors
  2 sky beasts
  2 black bears (shapeshifter)
  2 black bears
  2 hornet zombies
  3 phantoms
  9 boggarts
  An ettin simulacrum (Vaults:5)
  A necrophage (D:14)
  41 wolves
  26 ogres
  4 starcursed masses (Abyss:2)
  38 centaurs
  6 small abominations
  18 big kobolds
  14 crocodiles
  4 elf zombies (Elf:1)
  21 bullfrogs
  A wyvern zombie (D:14)
  5 earth elementals
  A human simulacrum (Vaults:2)
  A water moccasin skeleton (D:8)
  4 scorpions
  Dowan (D:7)
  21 killer bees
  8 wights
  6 electric eels
  5 crimson imps
  A howler monkey (D:9)
  A howler monkey (shapeshifter) (D:15)
  2 bullfrog zombies
  A lava snake (Orc:1)
  2 quasits (Depths:2)
  3 bullfrog skeletons
  10 hounds
  2 iron imps (Depths:2)
  22 orc priests
  4 jellies
  34 orc wizards
  Terence (D:3)
  3 iguanas
  Natasha (thrice) (D:2)
  32 worker ants
  A hound zombie (D:10)
  2 hound skeletons
  13 gnolls
  10 adders
  An adder (shapeshifter) (Depths:2)
  2 shadow imps
  3 white imps
  An ufetubus (Depths:2)
  An ooze (shapeshifter) (D:14)
  An adder zombie (D:5)
  4 worms
  3 dart slugs
  6 leopard geckos
  83 orcs
  An orc (shapeshifter) (D:15)
  7 giant cockroaches
  12 goblins
  8 hobgoblins
  6 jackals
  4 quokkas
  3 ball pythons
  6 bats
  4 frilled lizards
  29 kobolds
  2 quokka zombies
  3 rats
  A fungus (Lair:6)
  3 plants
  2 tentacles (Shoals:2)
1983 creatures vanquished.

Vanquished Creatures (collateral kills)
  Vashnia (Snake:2)
  An ironheart preserver (Vaults:4)
  A statue (WizLab)
  A crystal guardian (Vaults:4)
  An anaconda (Snake:1)
  A naga warrior (Snake:4)
  A two-headed ogre (Vaults:4)
  2 deep elf archers (Vaults:4)
  A deep elf mage (WizLab)
  A naga mage (Snake:4)
  2 ogres (Vaults:4)
13 creatures vanquished.

Vanquished Creatures (others)
  An eldritch tentacle (WizLab)
  2 fire giants
  A deep elf knight (Elf:2)
  An unseen horror (D:14)
  2 deep elf magi
  A naga mage (Snake:4)
  2 wolves (Lair:4)
  A gnoll sergeant (D:8)
  2 orc priests (Orc:2)
  An orc wizard (Orc:2)
  2 bushes (Lair:4)
  19 fungi
  32 plants
  2 starspawn tentacles (Abyss:2)
  12 tentacles (Shoals:2)
81 creatures vanquished.

Grand Total: 2077 creatures vanquished

Notes
Turn   | Place    | Note
-------+----------+-------------------------------------------
     0 | D:1      | shitimlost the Gargoyle Fighter began the quest for the Orb.
     0 | D:1      | Reached XP level 1. HP: 14/14 MP: 1/1
    79 | D:1      | Reached XP level 2. HP: 19/19 MP: 2/2
   632 | D:1      | Reached XP level 3. HP: 23/23 MP: 3/3
   874 | D:2      | Noticed Natasha
   877 | D:2      | Killed Natasha
   877 | D:2      | Reached XP level 4. HP: 29/29 MP: 4/4
   993 | D:2      | Noticed Natasha
  1009 | D:2      | Killed Natasha
  1009 | D:2      | Reached skill level 4 in Fighting
  1120 | D:2      | Noticed Natasha
  1134 | D:2      | Killed Natasha
  1134 | D:2      | Reached XP level 5. HP: 23/33 MP: 5/5
  2152 | D:3      | Noticed Terence
  2374 | D:3      | Killed Terence
  2504 | D:3      | Reached XP level 6. HP: 20/39 MP: 6/6
  3849 | D:3      | Noticed cheese's ghost (amateur HuFi)
  3973 | D:3      | Found a bloodstained altar of Trog.
  4454 | D:4      | Reached skill level 5 in Fighting
  4454 | D:4      | Reached skill level 5 in Armour
  4454 | D:4      | Reached skill level 5 in Shields
  4645 | D:4      | Reached XP level 7. HP: 43/44 MP: 7/7
  4742 | D:4      | Found a staircase to the Ecumenical Temple.
  4746 | D:4      | Got a vibrating amber ring
  4760 | Temple   | Entered the Ecumenical Temple
  4812 | Temple   | Became a worshipper of Uskayaw the Reveler
  4838 | D:4      | Reached * piety under Uskayaw
  4842 | D:4      | Reached ** piety under Uskayaw
  5215 | D:5      | Entered Level 5 of the Dungeon
  5292 | D:5      | Noticed a two-headed ogre
  5805 | D:5      | Reached *** piety under Uskayaw
  6039 | D:5      | Found a sacrificial altar of Ru.
  6154 | D:5      | Noticed cheese's ghost (novice HuFi)
  8824 | D:6      | Noticed Menkaure
  8840 | D:6      | Killed Menkaure
  8840 | D:6      | Reached XP level 8. HP: 28/51 MP: 3/8
  8890 | D:6      | Reached skill level 6 in Fighting
  8890 | D:6      | Reached skill level 5 in Maces & Flails
  9987 | D:6      | Found a burning altar of Makhleb.
 10921 | D:7      | Noticed richr's ghost (novice TrHu)
 11002 | D:7      | Noticed Duvessa
 11052 | D:7      | Got a flickering silver ring
 11086 | D:7      | Reached skill level 7 in Fighting
 11104 | D:7      | Noticed Dowan
 11155 | D:6      | Reached XP level 9. HP: 46/57 MP: 7/9
 11470 | D:7      | Killed Dowan
 11617 | D:7      | Killed Duvessa
 11628 | D:7      | Reached **** piety under Uskayaw
 11868 | D:7      | Found a deep blue altar of Sif Muna.
 11869 | D:7      | Found a snail-covered altar of Cheibriados.
 11925 | D:8      | Noticed richr's ghost (novice MfGl)
 12182 | D:8      | Noticed a two-headed ogre
 12192 | D:8      | Killed a two-headed ogre
 12192 | D:8      | Reached skill level 8 in Fighting
 12903 | D:8      | Noticed a two-headed ogre
 13606 | D:8      | Reached XP level 10. HP: 65/65 MP: 10/10
 13853 | D:8      | Killed a two-headed ogre
 14278 | D:8      | Found a basalt altar of Yredelemnul.
 14281 | D:8      | Noticed a two-headed ogre
 14302 | D:8      | Killed a two-headed ogre
 14302 | D:8      | Reached skill level 9 in Fighting
 14877 | D:8      | Found a radiant altar of Vehumet.
 15135 | D:9      | Found a staircase to the Orcish Mines.
 15248 | D:9      | Identified the ring "Ruew" {rPois rF+ Int+4} (You found it on level 4 of the Dungeon)
 15252 | D:9      | Identified the ring of Departure {+Fly rF+ rC+ MR+ Stlth+} (You found it on level 7 of the Dungeon)
 15260 | D:9      | Noticed a two-headed ogre
 15275 | D:9      | Killed a two-headed ogre
 15361 | D:9      | Found a shadowy altar of Dithmenos.
 15404 | D:9      | Learned a level 2 spell: Blink
 15843 | D:9      | Found a glowing silver altar of Zin.
 16000 | D:10     | Entered Level 10 of the Dungeon
 16043 | D:9      | Reached XP level 11. HP: 66/72 MP: 11/11
 16233 | D:9      | Reached skill level 10 in Fighting
 16233 | D:9      | Reached skill level 10 in Shields
 16669 | D:10     | Noticed a queen ant
 16715 | D:9      | Killed a queen ant
 16965 | D:9      | Reached ***** piety under Uskayaw
 17464 | D:10     | Noticed Harold
 17536 | D:10     | Killed Harold
 18649 | D:10     | Reached skill level 11 in Fighting
 18904 | D:10     | Reached skill level 10 in Maces & Flails
 19452 | D:10     | Reached XP level 12. HP: 43/80 MP: 2/12
 20096 | D:10     | Reached ****** piety under Uskayaw
 20437 | D:11     | Noticed a centaur warrior
 20455 | D:11     | Killed a centaur warrior
 20455 | D:11     | Reached skill level 12 in Fighting
 20804 | D:11     | Found a staircase to the Lair.
 21007 | Lair:1   | Entered Level 1 of the Lair of Beasts
 21485 | Lair:1   | Noticed Joseph
 21510 | Lair:1   | Killed Joseph
 21524 | Lair:1   | Got a transparent jade amulet
 21574 | Lair:1   | Noticed Nergalle
 21590 | Lair:1   | Killed Nergalle
 21943 | Lair:1   | Got a slimy helmet
 21954 | Lair:1   | Identified the +0 helmet of the Lute {rElec rC+ Int-3} (You found it on level 1 of the Lair of Beasts)
 22759 | Lair:2   | Reached XP level 13. HP: 67/87 MP: 13/13
 22785 | Lair:2   | Found a staircase to the Snake Pit.
 23019 | Lair:2   | Reached skill level 13 in Fighting
 24179 | Lair:3   | Noticed richr's ghost (journeyman TrHu)
 25679 | Lair:3   | Got a bloodstained buckler
 25690 | Lair:3   | Identified the +0 buckler "Pinao" {-Tele rElec rPois rC+++ Dex+3} (You found it on level 3 of the Lair of Beasts)
 26292 | Lair:3   | Killed richr's ghost
 26547 | Lair:3   | Found a staircase to the Shoals.
 26850 | Lair:4   | Reached skill level 14 in Fighting
 26941 | Lair:4   | Gained mutation: Your large and strong wings let you fly indefinitely. [Gargoyle growth]
 26941 | Lair:4   | Reached XP level 14. HP: 47/96 MP: 14/14
 27475 | Lair:4   | Noticed Nessos
 27515 | Lair:4   | Killed Nessos
 30289 | D:12     | Noticed Snorg
 30301 | D:12     | Killed Snorg
 30412 | D:12     | Reached skill level 15 in Fighting
 30494 | D:12     | Reached skill level 15 in Shields
 30865 | D:12     | Noticed Fannar
 30887 | D:12     | Killed Fannar
 30891 | D:12     | Noticed Sonja
 30908 | D:12     | Killed Sonja
 31370 | D:12     | Noticed Rupert
 31400 | D:12     | Killed Rupert
 32842 | D:13     | Found a gate to the Vaults.
 32864 | D:13     | Reached skill level 1 in Translocations
 32885 | D:13     | Reached XP level 15. HP: 96/103 MP: 17/17
 33535 | D:14     | Reached skill level 5 in Invocations
 33960 | D:13     | Reached skill level 16 in Fighting
 34122 | D:14     | Identified the amulet "Esirgh" {Inacc rN++} (You found it on level 1 of the Lair of Beasts)
 34213 | D:14     | Found Coiciyg's Weapon Shop.
 34440 | D:14     | Bought a +0 hand crossbow for 49 gold pieces
 34574 | D:14     | Found Ohepreus's General Store.
 34580 | D:14     | Bought a +0 pair of gloves of dexterity for 207 gold pieces
 34867 | D:15     | Entered Level 15 of the Dungeon
 35181 | D:15     | Reached skill level 1 in Crossbows
 36330 | D:15     | Reached skill level 5 in Translocations
 37326 | D:15     | Found a staircase to the Depths.
 37746 | Lair:6   | Entered Level 6 of the Lair of Beasts
 38048 | Lair:6   | Reached XP level 16. HP: 97/111 MP: 21/21
 38166 | Lair:6   | Found a viscous altar of Jiyva.
 38167 | Lair:6   | Found a staircase to the Slime Pits.
 38486 | Lair:6   | Reached skill level 1 in Evocations
 38486 | Lair:6   | Reached skill level 1 in Dodging
 38503 | Lair:6   | Reached skill level 5 in Crossbows
 39368 | Orc:1    | Entered Level 1 of the Orcish Mines
 39464 | Orc:1    | Noticed Urug
 39489 | Orc:1    | Killed Urug
 39525 | Orc:1    | Noticed Maurice
 39528 | Orc:1    | Noticed Josephine
 39535 | Orc:1    | Killed Maurice
 39542 | Orc:1    | Killed Josephine
 40146 | Orc:2    | Entered Level 2 of the Orcish Mines
 40188 | Orc:2    | Found a staircase to the Elven Halls.
 40787 | Orc:2    | Reached skill level 17 in Fighting
 41423 | Orc:2    | Found Vonasycs's Food Shop.
 41423 | Orc:2    | Found Peteuh's General Store.
 41425 | Orc:2    | Found Uzack's Antique Weapon Boutique.
 41431 | Orc:2    | Found Naremn's General Store.
 41434 | Orc:2    | Bought a scroll of identify for 28 gold pieces
 41434 | Orc:2    | Bought a scroll of blinking for 105 gold pieces
 41434 | Orc:2    | Bought a scroll of identify for 28 gold pieces
 41438 | Orc:2    | Bought a scorched mace for 248 gold pieces
 41438 | Orc:2    | Identified the +7 mace of Baask {flame, Int+5} (You bought it in a shop on level 2 of the Orcish Mines)
 41440 | Orc:2    | Bought a potion of resistance for 150 gold pieces
 41893 | Snake:1  | Entered Level 1 of the Snake Pit
 42010 | Snake:1  | Found Qyonki Tung's Jewellery Boutique.
 42015 | Snake:1  | Bought the ring "Gaytsugu" {MP+9 Str+4 Stlth-} for 510 gold pieces
 42015 | Snake:1  | Bought an uncursed ring of protection from fire for 375 gold pieces
 43032 | Snake:1  | Got a smoking ring mail
 43043 | Snake:1  | Identified the +1 ring mail of Defiance {+Fly rC+ MR+} (You found it on level 1 of the Snake Pit)
 43245 | Snake:2  | Noticed Vashnia
 43278 | Snake:2  | Killed Vashnia
 44141 | Snake:2  | Reached XP level 17. HP: 107/117 MP: 24/24
 44838 | Snake:3  | Found a deep blue altar of Sif Muna.
 46164 | Snake:4  | Entered Level 4 of the Snake Pit
 46182 | Snake:4  | Reached skill level 10 in Invocations
 46184 | Snake:4  | Reached skill level 5 in Evocations
 46207 | Snake:4  | Found Vaj Jomm's Distillery.
 46210 | Snake:4  | Bought a potion of heal wounds for 85 gold pieces
 46210 | Snake:4  | Bought a potion of resistance for 170 gold pieces
 46210 | Snake:4  | Bought a potion of curing for 51 gold pieces
 46210 | Snake:4  | Bought a potion of magic for 136 gold pieces
 46210 | Snake:4  | Bought 2 potions of curing for 102 gold pieces
 46210 | Snake:4  | Bought a potion of curing for 51 gold pieces
 47130 | Snake:4  | Reached skill level 5 in Dodging
 48841 | Snake:4  | Reached skill level 18 in Fighting
 48852 | Snake:4  | Reached XP level 18. HP: 84/125 MP: 26/26
 49410 | Snake:4  | Got a serpentine rune of Zot
 49422 | Snake:4  | Got a polished scale mail
 49433 | Snake:4  | Identified the +1 scale mail of True Grit {rElec rCorr} (You found it on level 4 of the Snake Pit)
 49797 | Shoals:1 | Entered Level 1 of the Shoals
 50345 | Shoals:1 | Noticed 12572944's ghost (journeyman MiBe)
 50760 | Shoals:1 | Killed 12572944's ghost
 51458 | Shoals:2 | Noticed Donald
 51485 | Shoals:2 | Killed Donald
 52335 | Shoals:3 | Found a runed door.
 53217 | Shoals:4 | Entered Level 4 of the Shoals
 53240 | Shoals:4 | Noticed Ilsuiw
 53938 | Shoals:4 | Killed Ilsuiw
 54281 | Shoals:4 | Reached skill level 1 in Axes
 54462 | Shoals:4 | Got a transparent scale mail
 54473 | Shoals:4 | Identified the +1 scale mail of the Modern Lives {Regen+} (You took it off a merfolk on level 4 of the Shoals)
 54571 | Shoals:4 | Reached skill level 10 in Crossbows
 54736 | Shoals:4 | Reached XP level 19. HP: 129/132 MP: 28/28
 55346 | Shoals:4 | Learned a level 3 spell: Lesser Beckoning
 55714 | Shoals:4 | Got a barnacled rune of Zot
 56041 | Elf:1    | Entered Level 1 of the Elven Halls
 56112 | Elf:1    | Noticed Frances
 56129 | Elf:1    | Killed Frances
 57157 | Elf:1    | Reached skill level 19 in Fighting
 57233 | Elf:1    | Identified Saopune's Volume of Dark Magic
 57558 | Elf:1    | Noticed Louise
 57602 | Elf:1    | Killed Louise
 57923 | Elf:2    | Noticed Agnes
 57945 | Elf:2    | Killed Agnes
 57980 | Elf:2    | Reached skill level 5 in Axes
 58246 | Elf:2    | Identified a scroll of acquirement
 58388 | Elf:2    | Found the ring of Phasing {EV+8}
 58558 | Elf:2    | Gained mutation: Scrolls take you a little longer to read. [a cacodemon]
 58680 | Elf:2    | Reached skill level 10 in Armour
 59084 | Elf:2    | Found a huge runed gate.
 59084 | Elf:2    | Found a huge runed gate.
 59084 | Elf:2    | Found a huge runed gate.
 59084 | Elf:2    | Found a huge runed gate.
 59087 | Elf:2    | Found a huge runed gate.
 59519 | Elf:2    | Reached XP level 20. HP: 132/140 MP: 29/29
 59725 | Elf:3    | Entered Level 3 of the Elven Halls
 59738 | Elf:3    | Noticed Roxanne
 59783 | Elf:3    | Killed Roxanne
 59784 | Elf:3    | Identified Roxanne's Compendium of Earth (You took it off Roxanne on level 3 of the Elven Halls)
 59793 | Elf:3    | Learned a level 6 spell: Iron Shot
 60132 | Elf:3    | Reached skill level 1 in Earth Magic
 60346 | Elf:3    | Lost mutation: Scrolls take you a little longer to read. [potion of mutation]
 60346 | Elf:3    | Gained mutation: Scrolls take you a little longer to read. [potion of mutation]
 60346 | Elf:3    | Gained mutation: You have a pair of small antennae on your head. [potion of mutation]
 60346 | Elf:3    | Lost mutation: Scrolls take you a little longer to read. [potion of mutation]
 60346 | Elf:3    | Gained mutation: You have sharp toenails. [potion of mutation]
 60836 | Elf:3    | Noticed Saint Roka
 61316 | Elf:3    | Killed Saint Roka
 61316 | Elf:3    | Reached skill level 20 in Fighting
 61946 | Elf:3    | Got a slimy long sword {antimagic}
 62717 | Elf:3    | Cast into level 2 of the Abyss (a deep elf sorcerer)
 63149 | Abyss:2  | Reached skill level 5 in Earth Magic
 63196 | Elf:3    | Escaped the Abyss
 63197 | Elf:3    | Identified the +9 long sword of Hatred {antimagic, Str+2} (You took it off a deep elf elementalist on level 3 of the Elven Halls)
 63209 | Elf:3    | Got a faintly glowing jade ring
 63211 | Elf:3    | Identified the ring "Ducraa" {+Fly Int+3} (You took it off a deep elf sorcerer on level 3 of the Elven Halls)
 63217 | Elf:3    | Got a crude flail {crush}
 63218 | Elf:3    | Identified the +8 flail of Uruj {crush, Int+2} (You took it off a deep elf sorcerer on level 3 of the Elven Halls)
 63325 | Elf:3    | Found the +5 demon whip "Spellbinder" {antimagic, MR+}
 63337 | Elf:3    | Got a jewelled helmet
 63341 | Elf:3    | Identified the Papyrus of Congealing Creation
 63372 | Elf:3    | Got a blackened chain mail
 63383 | Elf:3    | Identified the +8 chain mail of the Sneaky Beds {rPois} (You found it on level 3 of the Elven Halls)
 63403 | Elf:3    | Noticed a Brimstone Fiend
 63421 | Elf:3    | Identified Jerafeorgh's Grimoire of Twisted Conjuration
 63430 | Elf:3    | Identified the Reference Book on Feathery Unholy Rites
 63737 | Vaults:1 | Entered Level 1 of the Vaults
 64123 | Vaults:1 | Reached XP level 21. HP: 141/147 MP: 30/30
 65323 | Vaults:1 | You are sucked into a shaft!
 67215 | Vaults:1 | Reached skill level 10 in Evocations
 67992 | Vaults:2 | Found Gyx Paib's Assorted Antiques.
 68001 | Vaults:2 | Bought a scroll labeled ECASKELUMU for 39 gold pieces
 68001 | Vaults:2 | Bought a wand of iceblast (6) for 156 gold pieces
 68001 | Vaults:2 | Bought a scroll of teleportation for 117 gold pieces
 68328 | Vaults:2 | Reached skill level 10 in Axes
 68881 | Vaults:3 | You are sucked into a shaft!
 69002 | Vaults:4 | Reached skill level 21 in Fighting
 69085 | Vaults:4 | Noticed Aizul
 69102 | Vaults:4 | Found a magical portal.
 69114 | Vaults:4 | Killed Aizul
 69156 | WizLab   | Entered Iskenderun's Mystic Tower
 69288 | WizLab   | Reached XP level 22. HP: 155/155 MP: 13/31
 70843 | WizLab   | Identified the Handbook of Ashen Lightness
 70890 | WizLab   | Identified Iskenderun's Incunabulum of Confrontation
 70890 | WizLab   | Identified Iskenderun's Papyrus of Conjuration
 70890 | WizLab   | Identified the Handbook of Scorching Orientation
 72366 | Vaults:4 | Got a twitching granite ring
 72466 | Vaults:4 | Identified the ring of Koekhyq {*Tele rF+ Str-2 Int+2} (You found it on level 4 of the Vaults)
 73667 | Vaults:5 | Entered Level 5 of the Vaults
 74420 | Vaults:3 | Reached skill level 15 in Armour
 74420 | Vaults:3 | Reached XP level 23. HP: 122/161 MP: 32/32
 74433 | Vaults:3 | Found a staircase to the Crypt.
 74433 | Vaults:3 | Found a basalt altar of Yredelemnul.
 74434 | Vaults:3 | Found an ancient bone altar of Kikubaaqudgha.
 75268 | Vaults:3 | Found a blossoming altar of Fedhas.
 75585 | Vaults:3 | Found Ofral's Gadget Emporium.
 75592 | Vaults:3 | Bought a wand of scattershot (4) for 456 gold pieces
 76352 | Vaults:5 | Noticed Maimakterion's ghost (veteran MiFi)
 77205 | Vaults:4 | Reached skill level 22 in Fighting
 80790 | Vaults:5 | Noticed a golden dragon
 80955 | Vaults:5 | Killed a golden dragon
 80957 | Vaults:5 | Noticed a golden dragon
 80970 | Vaults:5 | Killed a golden dragon
 81264 | Vaults:5 | Reached skill level 1 in Conjurations
 81365 | Vaults:5 | Killed Maimakterion's ghost
 81365 | Vaults:5 | Reached XP level 24. HP: 86/169 MP: 15/33
 81941 | Vaults:5 | Reached skill level 15 in Maces & Flails
 82694 | Vaults:5 | Got a silver rune of Zot
 82861 | Vaults:5 | Identified the ring "Poucef" {rF+ MP+9} (You found it on level 5 of the Vaults)
 82890 | Vaults:5 | Identified the Papyrus of Excruciating Flames
 83273 | Vaults:5 | Found the +7 captain's cutlass {speed, disarm}
 83273 | Vaults:5 | Found the +3 salamander hide armour {+Rage rF++}
 83772 | Depths:1 | Entered Level 1 of the Depths
 83832 | Depths:1 | Noticed Jorgrun
 83845 | Depths:1 | Killed Jorgrun
 84010 | Depths:1 | Found a gateway to a ziggurat.
 84598 | Depths:1 | Found a gateway to Hell.
 84762 | Depths:1 | Found a one-way gate leading to the halls of Pandemonium.
 86026 | Depths:2 | Found the +8 mithril axe "Arga" {speed, MR+}
 86289 | Depths:2 | Reached skill level 10 in Earth Magic
 86778 | Depths:2 | Reached skill level 5 in Conjurations
 86797 | Depths:2 | Reached skill level 10 in Translocations
 87834 | Depths:2 | Found a portal to a secret trove of treasure.
 88853 | Depths:2 | Reached XP level 25. HP: 150/175 MP: 33/33
 89344 | Depths:2 | Noticed the Enchantress
 90503 | Depths:2 | Reached skill level 1 in Spellcasting
 90524 | Depths:2 | Killed the Enchantress
 91758 | Depths:3 | Killed from afar by a frost giant

Skill      XL: |  1  2  3  4  5  6  7  8  9 10 11 12 13 14 15 16 17 18 19 20 21 22 23 24 25 |
---------------+----------------------------------------------------------------------------+-----
Fighting       | 4 5 7 8 9 11 12 14 15 16 17 18 19 20 21 22 | 22.9
Armour         | 4 5 6 7 9 10 12 13 15 | 15.0
Shields        | 4 5 7 8 9 11 12 14 15 | 15.0
Maces & Flails | 3 4 6 7 8 10 11 13 14 16 | 16.8
Invocations    | 3 7 9 11 12 13 14 | 14.5
Translocations | 1 5 6 7 9 10 | 10.3
Crossbows      | 4 6 8 10 | 10.0
Evocations     | 4 6 8 9 10 12 13 | 13.7
Dodging        | 3 5 7 |  7.0
Axes           | 2 7 8 10 11 | 11.4
Earth Magic    | 5 8 10 11 | 11.4
Conjurations   | 1 5 7 |  7.2
Spellcasting   | 2 |  2.9

Action                   |  1- 3 |  4- 6 |  7- 9 | 10-12 | 13-15 | 16-18 | 19-21 | 22-24 | 25-27 || total
-------------------------+-------+-------+-------+-------+-------+-------+-------+-------+-------++-------
Melee: Flail             |   113 |   309 |   599 |  1210 |  1969 |   602 |   929 |  1558 |    11 ||  7300
       Short sword       |       |       |       |     7 |       |       |       |       |       ||     7
       Dagger            |       |       |       |     2 |       |       |       |       |       ||     2
       Mace              |       |       |       |       |       |   575 |   126 |       |       ||   701
       Broad axe         |       |       |       |       |       |   104 |    92 |    29 |   180 ||   405
       Long sword        |       |       |       |       |       |       |     9 |       |       ||     9
       Demon whip        |       |       |       |       |       |       |   192 |   197 |    66 ||   455
 Fire: Blowgun           |       |       |     4 |     5 |    27 |     1 |       |       |       ||    37
       Hand crossbow     |       |       |       |       |     7 |   819 |   929 |   499 |    98 ||  2352
Throw: Stone             |     1 |    13 |    22 |     2 |       |       |       |       |       ||    38
       Tomahawk          |       |       |    14 |    14 |    72 |       |       |       |       ||   100
       Throwing net      |       |       |       |     1 |       |     2 |     3 |     2 |       ||     8
 Cast: Blink             |       |       |       |       |     1 |       |       |     2 |       ||     3
Invok: Line Pass         |       |       |     6 |     8 |    13 |     4 |     8 |     7 |     1 ||    47
       Stomp             |       |       |       |     3 |       |       |       |       |       ||     3
       Grand Finale      |       |       |       |     1 |     1 |       |       |     1 |       ||     3
 Abil: Fly               |       |       |       |       |       |     1 |       |       |       ||     1
       Evoke Invisibilit |       |       |       |       |       |       |     1 |       |       ||     1
Evoke: Wand              |       |       |    14 |     7 |    30 |    22 |    15 |    12 |     2 ||   102
       Phial of floods   |       |       |       |       |       |     2 |       |       |       ||     2
       Phantom mirror    |       |       |       |       |       |       |     2 |       |       ||     2
       Lightning rod     |       |       |       |       |       |       |       |     4 |     4 ||     8
  Use: Potion            |       |     3 |     6 |     3 |    10 |    12 |    12 |     3 |       ||    49
       Scroll            |       |     3 |    19 |     6 |    11 |    13 |    10 |    16 |     2 ||    80
 Stab: Paralysed         |       |       |     4 |    45 |    85 |   100 |   155 |   199 |    25 ||   613
       Held in net/web   |       |       |       |     1 |       |       |     1 |       |       ||     2
       Confused          |       |       |       |       |     2 |     1 |     5 |     5 |       ||    13
       Distracted        |       |       |       |       |     1 |       |       |       |       ||     1
       Petrified         |       |       |       |       |       |     5 |       |       |       ||     5
       Petrifying        |       |       |       |       |       |     3 |     1 |       |       ||     4
       Sleeping          |       |       |       |       |       |     1 |       |       |       ||     1
       Invisible         |       |       |       |       |       |       |     2 |       |       ||     2
  Eat: Chunk             |       |     6 |    13 |    19 |    24 |    13 |    19 |    11 |     2 ||   107
       Ration            |       |     2 |     7 |     5 |    11 |    12 |     9 |    16 |     2 ||    64
Armor: Scale mail        |    67 |   186 |   296 |   538 |   603 |   224 |    72 |       |       ||  1986
       Skin              |       |       |    20 |       |       |       |     5 |       |       ||    25
       Storm dragon scal |       |       |       |       |   196 |       |       |       |       ||   196
       Acid dragon scale |       |       |       |       |   189 |   419 |       |       |       ||   608
       Ring mail         |       |       |       |       |       |    27 |       |       |       ||    27
       Plate armour      |       |       |       |       |       |       |   429 |   720 |       ||  1149
       Chain mail        |       |       |       |       |       |       |    97 |       |       ||    97
       Fire dragon scale |       |       |       |       |       |       |     1 |       |       ||     1
       Leather armour    |       |       |       |       |       |       |       |   123 |   102 ||   225
Dodge: Dodged            |    29 |   100 |   144 |   317 |   474 |   514 |   652 |   604 |    83 ||  2917
Block: Shield            |    60 |   202 |   300 |   664 |  1168 |  1157 |  1026 |  1228 |   198 ||  6003
